 Dungeon Crawl Stone Soup version 0.31-a0-233-g139696dc86 (webtiles) character file.

Game seed: 3378912004123692328

62 qw the Shooter (level 3, -2/29 HPs)
             Began as a Minotaur Hexslinger on July 8, 2023.
             Slain by an adder (3 damage)
             ... on level 3 of the Dungeon.
             The game lasted 00:00:33 (1431 turns).

qw the Shooter (Minotaur Hexslinger)                Turns: 1431, Time: 00:00:33

Health: -2/29      AC:  4    Str: 12    XL:     3   Next: 85%
Magic:  3/3        EV: 12    Int: 10    God:
Gold:   148        SH:  0    Dex: 14    Spells: 3/4 levels left

rFire   . . .        Y - +1 sling
rCold   + . .        (no shield)
rNeg    . . .        f - +0 leather armour
rPois   .            (helmet restricted)
rElec   .            (no cloak)
rCorr   .            (no gloves)
SInv    .            e - +0 pair of boots
Will    .....        (no amulet)
Stlth   +            b - ring of protection from cold
HPRegen 0.24/turn    (no ring)
MPRegen 0.08/turn

%: no passive effects
@: no status effects
A: horns 2, retaliatory headbutt
a: no special abilities


You were on level 3 of the Dungeon.
You visited 1 branch of the dungeon, and saw 3 of its levels.

You collected 148 gold pieces.


Innate Abilities, Weirdness & Mutations

You have a pair of horns on your head.
You reflexively headbutt those who attack you in melee.


   Skills:
 - Level 2.1 Fighting
 + Level 4.3 Ranged Weapons
 - Level 2.1 Dodging
 - Level 1.0 Spellcasting
 - Level 2.0 Hexes


You had 3 spell levels left.
You knew the following spells:

 Your Spells              Type           Power      Damage    Failure   Level
a - Slow                  Hex            16%        N/A       19%         1

Your spell library contained the following spells:

 Spells                   Type           Power      Damage    Failure   Level
 Inner Flame              Hex/Fire       2%         N/A       65%         3
 Portal Projectile        Hex/Tloc       4%         N/A       65%         3
 Cause Fear               Hex            2%         N/A       88%         4

Inventory:

Hand Weapons
 Y - a +1 sling (weapon)
Armour
 e - a +0 pair of boots (worn)
 f - a +0 leather armour (worn)
Jewellery
 b - a ring of protection from cold (left hand)
Potions
 d - a potion of resistance {unknown}
 g - a potion of mutation {unknown}

Dungeon Overview and Level Annotations

Branches:
Dungeon (3/15)

Altars:


Message History

The orc is almost dead.
The orc barely misses you. The orc hits you with a +0 flail.
The orc hits you with a +0 whip.
You shoot a sling bullet. The sling bullet barely misses the orc.
The orc hits you with a +0 flail. The orc closely misses you.
You furiously retaliate!
You headbutt the orc, but do no damage. The frilled lizard barely misses you.
You shoot a sling bullet. The sling bullet hits the orc.
You kill the orc!
The orc hits you with a +0 flail. The frilled lizard closely misses you.
The adder bites you. The orc barely misses you.
You shoot a sling bullet. The sling bullet misses the adder.
The adder closely misses you. The frilled lizard closely misses you.
You furiously retaliate!
You headbutt the frilled lizard, but do no damage.
The adder bites you but does no damage.
The frilled lizard bites you but does no damage.
You shoot a sling bullet. The sling bullet hits the orc wizard.
The orc wizard is moderately wounded.
The adder bites you. The frilled lizard barely misses you.
The orc wizard hits you but does no damage.
You shoot a sling bullet. The sling bullet hits the orc wizard.
The orc wizard is heavily wounded.
The adder barely misses you.
The frilled lizard completely misses you.
The orc wizard points at you and mumbles some strange words.
The magic dart hits you! The adder closely misses you.
You shoot a sling bullet.
The sling bullet barely misses the orc wizard.
The sling bullet completely misses the goblin.
The adder bites you but does no damage. The frilled lizard barely misses you.
You furiously retaliate!
You headbutt the frilled lizard.
You kill the frilled lizard!
The orc wizard barely misses you.
You shoot a sling bullet. The sling bullet hits the orc wizard.
The orc wizard is almost dead.
The adder closely misses you. You furiously retaliate!
You headbutt the adder.
The orc wizard hits you with a +0 dagger.
The adder bites you.
You die...

~~~~ ..# P~~~~~
..# ~~~~. P..
..P. ..
####.#.##.###..
......go$.....
#..#oS......
#.#.@# #.##.#
#.##.# #<##.#
#....# ######


You could see an orc wizard, an adder, an orc and a goblin.

Vanquished Creatures
  2 adders (D:2)
  2 worms (D:2)
  An orc (D:3)
  A bat (D:1)
  2 endoplasms
  A giant cockroach (D:1)
  3 hobgoblins
  2 quokkas (D:1)
  7 ball pythons
  4 frilled lizards
  3 goblins
  4 kobolds
  7 rats
39 creatures vanquished.

Notes
Turn   | Place    | Note
-------+----------+-------------------------------------------
     0 | D:1      | qw the Minotaur Hexslinger began the quest for the Orb.
     0 | D:1      | Reached XP level 1. HP: 16/16 MP: 1/1
     0 | D:1      | 0 ||| qw: Version: 0.3-a-46-gb1f654a
     0 | D:1      | 0 ||| qw: Game counter: 3347
     0 | D:1      | 0 ||| qw: Melee chars always use a shield: true
     0 | D:1      | 0 ||| qw: God list: Okawaru
     0 | D:1      | 0 ||| qw: Allow faded altars: false
     0 | D:1      | 0 ||| qw: Do Orc after clearing Dungeon:15 true
     0 | D:1      | 0 ||| qw: Do second Lair branch before Depths: true
     0 | D:1      | 0 ||| qw: Lair rune preference: random
     0 | D:1      | 0 ||| qw: Goals: Normal
     0 | D:1      | 0 ||| PLANNING D:1-11
     2 | D:1      | You fall into a shaft and drop 1 floor!
    17 | D:2      | Reached skill level 3 in Ranged Weapons
    17 | D:2      | Reached XP level 2. HP: 18/23 MP: 2/2
    88 | D:2      | 88 ||| DROPPING scroll of poison.
   296 | D:1      | Reached XP level 3. HP: 29/29 MP: 3/3
   698 | D:1      | 698 ||| UPGRADING to +0 leather armour.
   708 | D:1      | 708 ||| DROPPING +0 robe.
   709 | D:1      | 709 ||| UPGRADING to ring of protection from cold.
   710 | D:1      | 710 ||| READING scroll labelled TEROBR IPPUES.
   885 | D:2      | Reached skill level 4 in Ranged Weapons
  1333 | D:2      | 1333 ||| UPGRADING to +0 pair of boots.
  1338 | D:2      | 1338 ||| READING scroll labelled BEBLAFRUMI.
  1339 | D:2      | 1339 ||| READING scroll labelled RUBUNEA ZAQU.
  1340 | D:2      | 1340 ||| DRINKING 3 fuming pink potions.
  1394 | D:2      | 1394 ||| DROPPING 2 potions of lignification.
  1429 | D:3      | HP: 3/29 [orc wizard/magic dart (8)]
  1431 | D:3      | HP: 1/29 [orc wizard/+0 dagger (2)]
  1431 | D:3      | Slain by an adder

Levels and vault maps discovered:
D:1:      minmay_arrival_nine_rooms, layout_loops_ring
D:2:      layout_loops_ring
D:3:      layout_loops_ring, mainiacjoe_overflow_surrounded_room, serial_bayou,
          serial_bayou_pond_c, serial_bayou_lake_a, serial_bayou_pond_e,
          serial_bayou_pond_b

Skill      XL: |  1  2  3 |
---------------+----------+-----
Ranged Weapons | 3 4 |  4.3
Fighting       | 2 |  2.1
Dodging        | |  2.1
Spellcasting   | |  1.0
Hexes          | |  2.0

Action                     || total
---------------------------++-------
   Fire: Sling             ||   132
    Use: Scroll            ||     3
         Potion            ||     1
 Armour: Robe              ||     5
         Leather armour    ||     7
  Dodge: Dodged            ||    53

Table legend:
 A = Non-vault XP
 B = Vault XP
 C = Vault XP percentage of total XP
 D = Non-vault monster count
 E = Vault monster count
 F = Vault count percentage of total count
                 A         B        C        D         E       F
            +---------+---------+-------+---------+---------+-------
      Total |      88 |       1 |   1.1 |      38 |       1 |   2.6
            +---------+---------+-------+---------+---------+-------
        D:1 |      28 |       0 |   0.0 |      18 |       0 |   0.0
        D:2 |      57 |       0 |   0.0 |      19 |       0 |   0.0
        D:3 |       3 |       1 |  25.0 |       1 |       1 |  50.0
            +---------+---------+-------+---------+---------+-------
